[Event "Team 45 45 League T41"]
[Site "Internet Chess Club"]
[Date "2009.05.24"]
[Round "4"]
[White "Zkid"]
[Black "cillu"]
[Result "1-0"]
[WhiteElo "2241"]
[BlackElo "2240"]
[Opening "Sicilian: Taimanov variation"]
[ECO "B48"]
[Time "12:05:55"]
[TimeControl "2700+45"]

1. e4 c5 2. Nf3 e6 3. d4 cxd4 4. Nxd4 Nc6 5. Nc3 Qc7 6. Be3 a6 7. Bd3 Nf6 8. O-O
Ne5 9. h3 Bc5 10. Kh1 d6 11. f4 Ng6 12. Qe1 O-O 13. f5 Ne5 14. Qg3 Kh8 15. Nce2
Nxd3 16. cxd3 e5 17. Nb3 Bxe3 18. Qxe3 d5 19. Rac1 Qd6 20. Ng3 b6 21. Rc2 Bb7
22. Rfc1 d4 23. Qe1 Rac8 24. Nd2 Rxc2 25. Rxc2 b5 26. a3 Rc8 27. Qc1 Qc6 28.
Rxc6 {Black resigns} 1-0

[Event "Team 45 45 League T41"]
[Site "Internet Chess Club"]
[Date "2009.05.21"]
[Round "4"]
[White "BigTweeds"]
[Black "chiiwen"]
[Result "1/2-1/2"]
[WhiteElo "2021"]
[BlackElo "2061"]
[Opening "Sicilian: closed, 6.Be3"]
[ECO "B26"]
[Time "19:47:04"]
[TimeControl "2700+45"]

1. e4 c5 2. Nc3 g6 3. g3 Bg7 4. Bg2 d6 5. d3 Nc6 6. Be3 Rb8 7. Qd2 b5 8. f4 b4
9. Nd1 e6 10. Ne2 Nd4 11. O-O Ne7 12. Nc1 O-O 13. c3 bxc3 14. bxc3 Ndc6 15. d4
cxd4 16. cxd4 d5 17. e5 h5 18. Nb3 Ba6 19. Re1 Re8 20. Nc5 Bc4 21. Bf1 Bxf1 22.
Rxf1 Na5 23. Nb2 Nec6 24. Rfc1 Bf8 25. Nbd3 Nc4 26. Qe2 Nb4 27. Nb3 a5 28. Ndc5
Rb6 29. Bd2 Nc6 30. Bc3 Qc7 31. Na4 Rbb8 32. Nbc5 Qa7 33. Rab1 Rec8 34. h3 Nd8
35. g4 hxg4 36. hxg4 Bh6 37. Qh2 Bf8 38. Kg2 Rxb1 39. Rxb1 Bg7 40. Kf3 f5 41.
gxf5 exf5 42. Qg2 Qf7 43. Nb6 Rb8 44. Nxc4 Rxb1 45. Nd6 Qe7 46. Qxg6 Qh4 47. Qg2
Qh5+ 48. Ke3 Kh7 49. Qxd5 Rh1 50. Kd3 Qd1+ 51. Kc4 Qe2+ 52. Kb3 Rb1+ 53. Ka3 Qe3
54. Na4 Qxf4 55. Nb2 Bf8 56. Bxa5 Qe3+ 57. Ka4 Rxb2 58. Bxd8 Bxd6 59. exd6 Qe8+
60. Ka3 Rb5 61. Qh1+ Kg7 62. Qh4 Qe6 63. Qg5+ Kf7 64. Qh5+ Qg6 65. Qh2 Rd5 66.
Bc7 Rxd4 67. Qe5 Rd3+ 68. Kb4 Qe6 69. Qh8 Qe4+ 70. Kc5 Rd5+ 71. Kb6 Qb1+ 72. Ka7
Qxa2+ 73. Kb7 Rb5+ 74. Kc6 Qd5+ 75. Kd7 Kg6 76. Qe8+ Kg5 77. Qe6 Rc5 78. Qxd5
Rxd5 79. Ke6 Rd1 80. d7 {Game drawn by mutual agreement} 1/2-1/2

[Event "Team 45 45 League T41"]
[Site "Internet Chess Club"]
[Date "2009.05.30"]
[Round "4"]
[White "evan94131"]
[Black "QueensCounselor"]
[Result "1/2-1/2"]
[WhiteElo "1857"]
[BlackElo "2001"]
[Opening "Grünfeld with e3 & Bd3"]
[ECO "D94"]
[Time "15:00:50"]
[TimeControl "2700+45"]

1. d4 Nf6 2. c4 g6 3. Nf3 Bg7 4. Nc3 d5 5. e3 O-O 6. Bd3 Nc6 7. O-O a6 8. a3
dxc4 9. Bxc4 Bf5 10. Re1 Ne4 11. Nxe4 Bxe4 12. Nd2 Bd5 13. Bd3 f5 14. Nf3 e5 15.
dxe5 Nxe5 16. Nxe5 Bxe5 17. Qc2 b5 18. e4 fxe4 19. Bxe4 Re8 20. Bxd5+ Qxd5 21.
Be3 Rad8 22. Rad1 Qf7 23. Qc6 Bxb2 24. Qxa6 Rxd1 25. Rxd1 Qb3 26. Rd7 Bxa3 27.
h3 Bd6 28. Qa1 Be5 29. Qc1 Qe6 30. Rd3 Ra8 31. Ra3 Rxa3 32. Qxa3 Qd5 33. g3 Bd6
34. Qb2 c6 35. Bh6 Be5 36. Qb4 Qf7 37. Qe4 Qd5 38. Qg4 Kf7 39. Qb4 Bd6 40. Qc3
Be5 41. Qa3 Qd6 42. Qa7+ Qe7 43. Qa8 Qd6 44. Qb7+ Qc7 45. Qa8 Qd6 46. Qa2+ Qe6
47. Qe2 Bf6 48. Qf3 b4 49. Bg5 Kg7 50. Bxf6+ Qxf6 51. Qb3 c5 52. Qc4 Qe5 53. h4
h5 54. Kg2 Qc3 55. Qe6 b3 56. Qe7+ Kh6 57. Qg5+ Kh7 58. Qe7+ Qg7 59. Qxc5 b2 60.
Qb4 Qe5 {Game drawn by mutual agreement} 1/2-1/2

[Event "Team 45 45 League T41"]
[Site "Internet Chess Club"]
[Date "2009.05.27"]
[Round "4"]
[White "pestka"]
[Black "Uwak"]
[Result "0-1"]
[WhiteElo "2192"]
[BlackElo "2396"]
[Opening "English opening"]
[ECO "A16"]
[Time "03:00:26"]
[TimeControl "2700+45"]

1. c4 Nf6 2. Nc3 g6 3. g3 Bg7 4. Bg2 e5 5. d3 O-O 6. Nf3 d6 7. O-O Nc6 8. Rb1 a6
9. b4 Re8 10. Nd2 Bg4 11. h3 Be6 12. a4 Qd7 13. b5 Na5 14. Kh2 axb5 15. axb5 c6
16. Nb3 Nxb3 17. Qxb3 d5 18. bxc6 bxc6 19. cxd5 cxd5 20. Qb7 Qxb7 21. Rxb7 Rec8
22. Nb5 Rc2 23. e3 Bf5 24. Nc7 Bc8 25. Nxa8 Bxb7 26. Nb6 Ra2 27. e4 dxe4 28. Bg5
Ba6 29. Bxf6 Bxd3 30. Bxg7 Bxf1 31. Bxf1 Kxg7 32. Kg1 f5 33. Nd5 g5 34. g4 Rd2
35. Ne3 f4 36. Nf5+ Kf6 37. Bg2 Rd1+ 38. Bf1 h5 39. Kg2 Rd2 40. Kg1 h4 41. Bb5
Rd1+ 42. Kg2 Ke6 43. Bc4+ Kd7 44. Bb3 f3+ 45. Kh2 Rf1 46. Bd5 Rxf2+ 47. Kg1 Re2
48. Bb7 Kc7 49. Ba8 Kb6 50. Nd6 f2+ 51. Kf1 Ra2 52. Bd5 Ra1+ 53. Kxf2 Kc5 54.
Nxe4+ Kxd5 55. Nxg5 e4 56. Ke3 Ra3+ 57. Kf4 Rd3 58. Kf5 Rf3+ 59. Kg6 Rf1 {White
resigns} 0-1

[Event "Team 45 45 League T41"]
[Site "Internet Chess Club"]
[Date "2009.05.23"]
[Round "4"]
[White "freestyle"]
[Black "fledermaus"]
[Result "1-0"]
[WhiteElo "2338"]
[BlackElo "2025"]
[Opening "Sicilian: Scheveningen variation"]
[ECO "B80"]
[Time "13:11:03"]
[TimeControl "2700+45"]

1. e4 c5 2. Nf3 e6 3. d4 cxd4 4. Nxd4 Nf6 5. Nc3 d6 6. Be3 Be7 7. f3 O-O 8. Qd2
Nc6 9. g4 d5 10. g5 Ne8 11. Rg1 Bb4 12. exd5 exd5 13. a3 Qa5 14. Nb3 Bxc3 15.
Nxa5 Bxd2+ 16. Bxd2 Nd6 17. Kf2 Bf5 18. Nxc6 bxc6 19. Bb4 Rfd8 20. Rc1 Nb7 21.
Ba6 Rab8 22. Rge1 c5 23. Bd2 Kf8 24. b4 c4 25. b5 f6 26. Bb4+ Nd6 27. Rcd1
{Black resigns} 1-0

[Event "Team 45 45 League T41"]
[Site "Internet Chess Club"]
[Date "2009.05.22"]
[Round "4"]
[White "mcplayerus"]
[Black "baumhauer"]
[Result "1/2-1/2"]
[WhiteElo "2072"]
[BlackElo "1909"]
[Opening "Queen's Indian: Nimzovich variation (exaggerated fianchetto)"]
[ECO "E15"]
[Time "14:10:54"]
[TimeControl "2700+45"]

1. d4 Nf6 2. c4 e6 3. Nf3 b6 4. g3 Ba6 5. b3 Bb4+ 6. Bd2 Be7 7. Bg2 c6 8. O-O
O-O 9. Bc3 d6 10. Bb2 Nbd7 11. Qc2 Qc7 12. Nc3 d5 13. Ne5 Nxe5 14. dxe5 Ng4 15.
Rac1 dxc4 16. Qe4 Nxe5 17. Nb5 cxb5 18. Bxe5 Bd6 19. Bxd6 Qxd6 20. Rfd1 Qe7 21.
bxc4 bxc4 22. Qc6 g6 23. Qa4 Bb7 24. Bxb7 Qxb7 25. Rxc4 Rfd8 26. Rcd4 Rxd4 27.
Qxd4 Rc8 28. g4 Qc6 29. h4 Qc4 30. h5 Qxd4 31. Rxd4 gxh5 32. gxh5 h6 33. Rd7 a5
34. Rb7 Rc1+ 35. Kg2 Rb1 36. a4 Kg7 37. e4 e5 38. Kf3 Kf6 39. Kg4 Rb4 40. f3 Ke6
41. Kg3 Kf6 42. Kg4 Rb1 43. Rc7 Rb4 44. Rc6+ Kg7 45. Kf5 Rxa4 46. Rxb6 Ra3 47.
Kg4 a4 48. Ra6 Ra1 49. Kf5 Rh1 50. Kxe5 Rxh5+ 51. Kf4 f6 52. Rxa4 Kg6 53. Ra2
Rg5 54. Rh2 h5 55. Ra2 h4 56. Ra8 Rh5 57. Rg8+ Kf7 58. Rg2 Ke6 59. Rh2 Rh8 60.
Rh3 Rh7 61. Kg4 Ke5 62. Rh2 Rh8 63. Re2 Kd4 64. Kf4 Kd3 65. Rh2 h3 66. Kf5 Ke3
67. f4 Kf3 68. Kxf6 Kxe4 69. f5 Kf4 70. Kg7 Rh4 71. f6 Kg3 72. Rh1 Rg4+ 73. Kh6
Rf4 74. Kg6 Kg2 75. Rxh3 Kxh3 76. f7 {Game drawn by mutual agreement} 1/2-1/2

[Event "Team 45 45 League T41"]
[Site "Internet Chess Club"]
[Date "2009.05.25"]
[Round "4"]
[White "easycure"]
[Black "andretta"]
[Result "1/2-1/2"]
[WhiteElo "2397"]
[BlackElo "2367"]
[Opening "QGD: Lasker defense"]
[ECO "D56"]
[Time "22:30:07"]
[TimeControl "2700+45"]

1. d4 d5 2. c4 e6 3. Nc3 Be7 4. Nf3 Nf6 5. Bg5 h6 6. Bh4 O-O 7. e3 Ne4 8. Bxe7
Qxe7 9. Rc1 c6 10. Bd3 Nxc3 11. Rxc3 dxc4 12. Bxc4 Nd7 13. O-O b6 14. Bd3 c5 15.
Be4 Rb8 16. Qa4 a5 17. Qa3 Bb7 18. Bxb7 Rxb7 19. dxc5 Nxc5 20. Rfc1 {Game drawn
by mutual agreement} 1/2-1/2

[Event "Team 45 45 League T41"]
[Site "Internet Chess Club"]
[Date "2009.05.21"]
[Round "4"]
[White "ranaamasonika"]
[Black "jorobo"]
[Result "1/2-1/2"]
[WhiteElo "2167"]
[BlackElo "2187"]
[Opening "French: Reversed Philidor formation"]
[ECO "C00"]
[Time "21:02:36"]
[TimeControl "2700+45"]

1. e4 e6 2. d3 d5 3. Nd2 Nf6 4. Ngf3 Nc6 5. Be2 dxe4 6. dxe4 e5 7. O-O Bc5 8. c3
a5 9. Qc2 O-O 10. Nc4 Qe7 11. Bg5 h6 12. Bh4 g5 13. Bg3 Nh5 14. Nfd2 Nxg3 15.
hxg3 b5 16. Ne3 Bxe3 17. fxe3 Qc5 18. Rf2 b4 19. Nf1 bxc3 20. bxc3 Be6 21. a4
Kg7 22. Bb5 Rad8 23. Rd1 Nb4 24. Qb1 Rxd1 25. Qxd1 Qxc3 26. Qf3 f6 27. g4 c6 28.
Be2 Nc2 29. Bd1 Ne1 30. Qe2 Rd8 31. Ng3 Bf7 32. Rf1 Nxg2 33. Qxg2 Qxe3+ 34. Qf2
Qxf2+ 35. Kxf2 Bg6 36. Ke3 Rd4 37. Bc2 Rc4 38. Kd2 c5 39. Rb1 Rb4 40. Rxb4 cxb4
41. Bb3 Kf8 42. Nf5 h5 43. gxh5 Bxh5 44. Nd6 g4 45. Ke3 Ke7 46. Nc4 g3 47. Nxa5
Kd6 48. Nb7+ Kc6 49. Nd8+ Kb6 50. Ne6 Bg6 51. Nf8 g2 52. Kf2 Bxe4 53. Nd7+ Ka5
54. Nxf6 Bc6 55. Ng4 e4 56. Kxg2 Bxa4 57. Bd5 Bc2 58. Kf2 b3 59. Bxb3 Bxb3 60.
Ke3 Bc2 61. Nf2 Kb4 62. Nxe4 {Game drawn because neither player has mating
material} 1/2-1/2

[Event "Team 45 45 League T41"]
[Site "Internet Chess Club"]
[Date "2009.05.23"]
[Round "4"]
[White "Blade"]
[Black "xakelari"]
[Result "1-0"]
[WhiteElo "2137"]
[BlackElo "2050"]
[Opening "Vienna: Alekhine variation"]
[ECO "C27"]
[Time "12:02:08"]
[TimeControl "2700+45"]

1. e4 e5 2. Nc3 Nf6 3. Bc4 Nxe4 4. Qh5 Nd6 5. Bb3 Be7 6. Nf3 Nc6 7. Nxe5 g6 8.
Nxc6 dxc6 9. Qa5 O-O 10. O-O Nf5 11. d3 Nd4 12. Be3 Nxb3 13. axb3 a6 14. Rfe1 b6
15. Qe5 Bd6 16. Qd4 c5 17. Qd5 Bf5 18. Ne4 Be6 19. Qb7 a5 20. Bg5 Be7 21. Bf4
Rc8 22. Re2 Bd5 23. Qa7 f5 24. Nc3 Bf7 25. Nb5 Bf6 26. Bxc7 Qd7 27. Qxb6 Bxb2
28. Rae1 Be8 29. c4 Bd4 30. Re7 Qc6 31. Qxa5 Bf6 32. Na7 Qb7 33. Nxc8 {Black
resigns} 1-0

[Event "Team 45 45 League T41"]
[Site "Internet Chess Club"]
[Date "2009.05.26"]
[Round "4"]
[White "alegro"]
[Black "chsrules88"]
[Result "0-1"]
[WhiteElo "1942"]
[BlackElo "2055"]
[Opening "Ruy Lopez: Caro variation"]
[ECO "C70"]
[Time "22:31:30"]
[TimeControl "2700+45"]

1. e4 e5 2. Nf3 Nc6 3. Bb5 a6 4. Ba4 b5 5. Bb3 Nf6 6. O-O Be7 7. d4 d6 8. c3
exd4 9. cxd4 Bg4 10. Be3 O-O 11. Nbd2 d5 12. e5 Ne4 13. Qc1 Nxd2 14. Nxd2 Qd7
15. f4 Bb4 16. a3 Ba5 17. Qc5 Ne7 18. Rac1 Nf5 19. Bf2 Bxd2 20. Qxc7 Ne3 {White
resigns} 0-1

[Event "Team 45 45 League T41"]
[Site "Internet Chess Club"]
[Date "2009.05.23"]
[Round "4"]
[White "Folgers"]
[Black "bjoernchess"]
[Result "1/2-1/2"]
[WhiteElo "2091"]
[BlackElo "2296"]
[Opening "Levitsky attack (Queen's bishop attack)"]
[ECO "D00"]
[Time "10:05:36"]
[TimeControl "2700+45"]

1. d4 d5 2. Bg5 h6 3. Bh4 c6 4. Nd2 Qb6 5. Nb3 Bf5 6. e3 Nd7 7. Bd3 Bxd3 8. Qxd3
e5 9. dxe5 Nxe5 10. Qd4 Nc4 11. O-O-O Qxd4 12. exd4 g5 13. Bg3 f5 14. Be5 Nxe5
15. dxe5 O-O-O 16. g3 f4 17. gxf4 gxf4 18. Nf3 h5 19. h4 Nh6 20. Nbd4 Re8 21.
Rde1 Ng4 22. Re2 Bc5 23. c3 Rhg8 24. Rhe1 Bb6 25. Ng5 Bd8 26. Ndf3 Nh6 27. c4
dxc4 28. Re4 Ng4 29. R1e2 Bb6 30. Nh3 c3 31. bxc3 Rgf8 32. Kc2 Rf5 33. Nd4 Rfxe5
34. Rxe5 Rxe5 35. Rxe5 Nxe5 36. Nxf4 Bd8 37. Nf5 Nf3 38. Nxh5 Nxh4 39. Nxh4 Bxh4
40. f4 Kd7 41. Kd3 Ke6 42. Ke4 b5 43. Ng7+ Kd7 44. Nf5 Bf6 45. Nd4 a5 46. Kd3
Kd6 47. c4 b4 48. Nb3 a4 49. Nd2 b3 50. Ne4+ Ke7 51. axb3 a3 52. Nc3 Ke6 53. b4
Kf5 54. b5 cxb5 55. cxb5 Kxf4 56. Kc2 Ke5 57. Kb3 Be7 {Game drawn by mutual
agreement} 1/2-1/2

[Event "Team 45 45 League T41"]
[Site "Internet Chess Club"]
[Date "2009.05.22"]
[Round "4"]
[White "NFork"]
[Black "poni"]
[Result "0-1"]
[WhiteElo "2232"]
[BlackElo "2049"]
[Opening "English: four knights system"]
[ECO "A28"]
[Time "13:04:06"]
[TimeControl "2700+45"]

1. c4 e5 2. Nc3 Nc6 3. Nf3 Nf6 4. d4 exd4 5. Nxd4 Bc5 6. e3 O-O 7. Be2 d5 8.
cxd5 Nxd5 9. Nxc6 bxc6 10. Bd2 Bf5 11. Rc1 Nb4 12. e4 Re8 13. O-O Be6 14. Na4
Bf8 15. Bxb4 Bxb4 16. a3 Bd6 17. f4 Rb8 18. b4 a5 19. Rxc6 axb4 20. axb4 Rxb4
21. Nc3 Qa8 22. Rxd6 cxd6 23. Qxd6 Qa7+ 24. Kh1 Rd4 25. Qe5 Bd7 26. Qg5 h6 27.
Qg3 Rd2 28. f5 Qd4 29. f6 g6 30. h4 Rc8 31. Nd5 Rxe2 32. Ne7+ Kh7 33. h5 g5 34.
Nxc8 Bxc8 35. Qc7 Qd7 36. Qc4 Rd2 37. e5 Qd5 {White resigns} 0-1

[Event "Team 45 45 League T41"]
[Site "Internet Chess Club"]
[Date "2009.05.25"]
[Round "4"]
[White "parrot9"]
[Black "Beancounter"]
[Result "1/2-1/2"]
[WhiteElo "1757"]
[BlackElo "1672"]
[Opening "French: Tarrasch, closed variation"]
[ECO "C05"]
[Time "14:03:58"]
[TimeControl "2700+45"]

1. e4 e6 2. d4 d5 3. Nd2 Nf6 4. e5 Nfd7 5. Bd3 c5 6. c3 Nc6 7. Ne2 Qb6 8. Nf3
cxd4 9. cxd4 Bb4+ 10. Bd2 Bxd2+ 11. Qxd2 Qb4 12. Rc1 Qxd2+ 13. Kxd2 Nb6 14. a3
Bd7 15. Rc2 Ke7 16. b4 h6 17. Rhc1 {Game drawn by mutual agreement} 1/2-1/2

[Event "Team 45 45 League T41"]
[Site "Internet Chess Club"]
[Date "2009.05.24"]
[Round "4"]
[White "rayngrant"]
[Black "ElmerHo"]
[Result "1-0"]
[WhiteElo "1568"]
[BlackElo "1507"]
[Opening "Sicilian: Sveshnikov variation"]
[ECO "B33"]
[Time "22:02:26"]
[TimeControl "2700+45"]

1. e4 c5 2. Nf3 Nc6 3. d4 cxd4 4. Nxd4 Nf6 5. Nc3 e5 6. Ndb5 d6 7. Bg5 a6 8.
Bxf6 gxf6 9. Na3 b5 10. Nd5 f5 11. Bd3 Be6 12. Qd2 f4 13. O-O-O Rc8 14. Kb1 Rg8
15. f3 Rg6 16. Rdg1 Bh6 17. Qe1 Kf8 18. g4 Nd4 19. Qf2 Qa5 20. c3 Nc6 21. h4 Bg7
22. g5 f6 23. gxf6 Bxf6 24. Rxg6 hxg6 25. Nxf6 Kf7 26. Nd5 Rb8 27. Nb4 Rb6 28.
Qg1 Ne7 29. h5 gxh5 30. Rxh5 Rb8 31. Rh7+ Ke8 32. Rh8+ Bg8 33. Rxg8+ {Black
resigns} 1-0

[Event "Team 45 45 League T41"]
[Site "Internet Chess Club"]
[Date "2009.05.25"]
[Round "4"]
[White "allanchs"]
[Black "BenjaminSisko"]
[Result "1/2-1/2"]
[WhiteElo "1521"]
[BlackElo "1492"]
[Opening "Sicilian: Hungarian variation"]
[ECO "B34"]
[Time "09:26:09"]
[TimeControl "2700+45"]

1. e4 c5 2. Nf3 g6 3. d4 cxd4 4. Nxd4 Bg7 5. Be3 Nc6 6. Nc3 Nf6 7. Be2 O-O 8.
O-O d5 9. exd5 Nxd5 10. Nxd5 Qxd5 11. Nxc6 Qxc6 12. c3 Bf5 13. Qb3 Be6 14. Qb4
a5 15. Qb6 Bd5 16. Qxc6 bxc6 17. Rfd1 Rab8 18. c4 Rxb2 19. Bf1 Be6 20. Bc5 Re8
21. a3 Bf6 22. Rab1 Reb8 23. Rxb2 Rxb2 24. g3 Rc2 25. Rd8+ Kg7 26. Re8 Rc1 27.
Kg2 Bd7 28. Ra8 Bf5 29. Be2 Be4+ 30. f3 Rc2 31. Kf1 Bf5 32. Rxa5 Bh3+ 33. Kf2
Be6 34. Kf1 Bh3+ 35. Kf2 Be6 36. Kf1 {Game drawn by mutual agreement} 1/2-1/2

[Event "Team 45 45 League T41"]
[Site "Internet Chess Club"]
[Date "2009.05.23"]
[Round "4"]
[White "Just-Jim"]
[Black "Invicta-Knight"]
[Result "1-0"]
[WhiteElo "1431"]
[BlackElo "1590"]
[Opening "Scandinavian (center counter) defense"]
[ECO "B01"]
[Time "11:14:38"]
[TimeControl "2700+45"]

1. e4 d5 2. Bb5+ Nc6 3. Bxc6+ bxc6 4. exd5 cxd5 5. d4 Nf6 6. h3 e6 7. Nf3 Ba6 8.
Bg5 Be7 9. Ne5 Qd6 10. Nd2 h6 11. c4 dxc4 12. Bxf6 Bxf6 13. Nexc4 Qxd4 14. Qa4+
Kf8 15. Qxa6 Rd8 16. Qa3+ Kg8 17. O-O Qf4 18. Qe3 Qd4 19. Qxd4 Rxd4 20. Rad1 Kh7
21. b3 Rhd8 22. Rc1 Bg5 23. Nf3 Bxc1 24. Nxd4 Rxd4 25. Rxc1 g6 26. Ne5 Rd2
{Black resigns} 1-0

[Event "Team 45 45 League T41"]
[Site "Internet Chess Club"]
[Date "2009.05.23"]
[Round "4"]
[White "SCUGrad"]
[Black "fishhead"]
[Result "0-1"]
[WhiteElo "1400"]
[BlackElo "1951"]
[Opening "Alekhine's defense: modern, Keres variation"]
[ECO "B04"]
[Time "21:00:04"]
[TimeControl "2700+45"]

1. e4 Nf6 2. e5 Nd5 3. d4 d6 4. Nf3 g6 5. Bc4 Nb6 6. Bb3 Bg7 7. a4 a5 8. Ng5 O-O
9. f4 d5 10. O-O Nc6 11. c3 h6 12. Nf3 Bg4 13. Qd3 e6 14. Bd1 Ne7 15. Nh4 Bxd1
16. Qxd1 Kh7 17. Qc2 Rg8 18. Nd2 Nf5 19. Nxf5 gxf5 20. Nf3 Bf8 21. Bd2 c5 22. b3
Nd7 23. Be1 Be7 24. Rc1 Rc8 25. Qd2 b6 26. Bg3 Rg4 27. Qf2 c4 28. h3 Rg7 29. Rb1
cxb3 30. Rxb3 Rc4 31. Ra1 Qc7 32. Qe1 Rg8 33. Bh4 Bxh4 34. Nxh4 Rc8 35. Raa3 Qc6
36. Qa1 Rg8 37. Nf3 Qc8 38. Rb2 Rxc3 39. Rxc3 Qxc3 40. Qb1 Qxf3 {White resigns}
0-1

[Event "Team 45 45 League T41"]
[Site "Internet Chess Club"]
[Date "2009.05.23"]
[Round "4"]
[White "isolani"]
[Black "AndersO"]
[Result "1-0"]
[WhiteElo "1541"]
[BlackElo "1418"]
[Opening "King's Indian: East Indian defense"]
[ECO "A48"]
[Time "17:01:40"]
[TimeControl "2700+45"]

1. d4 Nf6 2. Nf3 g6 3. Nbd2 Bg7 4. e4 d6 5. Be2 O-O 6. O-O c5 7. c3 cxd4 8. cxd4
Nc6 9. d5 Ne5 10. Nxe5 dxe5 11. Re1 e6 12. dxe6 Bxe6 13. Qa4 Qd4 14. Qxd4 exd4
15. Bd3 Rac8 16. Nb3 Nd7 17. f4 Nc5 18. Nxc5 Rxc5 19. Bd2 Rd8 20. e5 a6 21. Bb4
Rcd5 22. Rac1 Rc8 23. Rxc8+ Bxc8 24. Rc1 Rd8 25. Rc7 Bf8 26. Bd6 Be6 27. Bxf8
Kxf8 28. a3 Bd5 29. Kf2 Ke8 30. Bc4 Bxc4 31. Rxc4 Ke7 32. Ke1 Ke6 33. Kd2 Rd7
34. Kd3 Kf5 35. g3 g5 36. fxg5 Kxe5 37. Rc5+ Ke6 38. g4 f6 39. gxf6 Kxf6 40. h4
Kg6 41. Rc4 h5 42. gxh5+ Kxh5 43. Rxd4 Rg7 44. Kc4 Rg2 45. Kc5 Rxb2 46. Rb4 Rc2+
47. Kb6 Ra2 48. a4 Rf2 49. a5 Rf7 50. Rc4 Re7 51. Rc7 Re5 52. Rc5 Rxc5 53. Kxc5
b5 54. axb6 a5 55. Kb5 {Black resigns} 1-0

[Event "Team 45 45 League T41"]
[Site "Internet Chess Club"]
[Date "2009.05.25"]
[Round "4"]
[White "Kingangyal"]
[Black "Notscorwood"]
[Result "1-0"]
[WhiteElo "1417"]
[BlackElo "1474"]
[Opening "Queen's pawn game"]
[ECO "A46"]
[Time "16:13:10"]
[TimeControl "2700+45"]

1. d4 Nf6 2. Nf3 d6 3. Bf4 g6 4. e3 Bg7 5. h3 Nbd7 6. Be2 c6 7. c3 Qc7 8. O-O
O-O 9. Nbd2 e5 10. Bh2 Nh5 11. Ne1 Nhf6 12. Qc2 h6 13. Bd3 Kh7 14. Nef3 Nh5 15.
Rfe1 f5 16. e4 f4 17. Rac1 Ndf6 18. b4 a6 19. a4 Bd7 20. c4 Ng8 21. Nb3 Qc8 22.
c5 Qc7 23. a5 Rf6 24. dxe5 dxe5 25. Nbd2 Be6 26. Nc4 Bxc4 27. Bxc4 Rd8 28. Red1
Rff8 29. Rxd8 Rxd8 30. Rd1 Rxd1+ 31. Qxd1 Nhf6 32. Qd6 Qe7 33. Qd3 Qd7 34. Nxe5
Qxd3 35. Bxd3 g5 36. f3 Kh8 37. Nf7+ {Black resigns} 1-0

[Event "Team 45 45 League T41"]
[Site "Internet Chess Club"]
[Date "2009.05.23"]
[Round "4"]
[White "arconia"]
[Black "kingsrook"]
[Result "0-1"]
[WhiteElo "1327"]
[BlackElo "1276"]
[Opening "Caro-Kann: two knights, 3...Bg4"]
[ECO "B10"]
[Time "16:01:09"]
[TimeControl "2700+45"]

1. e4 c6 2. Nf3 d5 3. Nc3 Bg4 4. Be2 Nf6 5. e5 Nfd7 6. h3 Bxf3 7. gxf3 Nxe5 8.
f4 Ng6 9. d3 e6 10. Bg4 Bd6 11. f5 exf5 12. Bxf5 Qe7+ 13. Kf1 O-O 14. Rg1 Qe5
15. Qg4 Re8 16. Bd2 Nd7 17. h4 Nf6 18. Qg5 h6 19. Qg2 Qxf5 20. Qh1 Re6 21. Ne2
Ng4 22. f3 Nh2+ 23. Kf2 Rae8 24. Ng3 Ng4+ 25. Kg2 Nf4+ 26. Bxf4 Qxf4 27. fxg4
Qxg3+ 28. Kf1 Rf6+ {White resigns} 0-1

[Event "Team 45 45 League T41"]
[Site "Internet Chess Club"]
[Date "2009.05.23"]
[Round "4"]
[White "Kingofknights"]
[Black "TerryMalloy"]
[Result "0-1"]
[WhiteElo "1707"]
[BlackElo "1990"]
[Opening "Benkö gambit"]
[ECO "A57"]
[Time "10:07:06"]
[TimeControl "2700+45"]

1. d4 Nf6 2. c4 c5 3. d5 b5 4. b3 g6 5. Bb2 Bg7 6. Nf3 d6 7. Nbd2 O-O 8. e3 Bg4
9. h3 Bxf3 10. Nxf3 Nbd7 11. Bd3 Qa5+ 12. Qd2 Qxd2+ 13. Nxd2 b4 14. Nf3 a5 15.
a4 Rfe8 16. O-O-O Rad8 17. Rhe1 Nh5 18. g4 Bxb2+ 19. Kxb2 Nhf6 20. e4 Kg7 21. e5
dxe5 22. Nxe5 Nxe5 23. Rxe5 e6 24. dxe6 Rxe6 25. Rxe6 fxe6 26. f3 Ng8 27. Kc2
Ne7 28. Be4 Rxd1 29. Kxd1 Kf6 30. Ke2 Kg5 31. Kf2 Kf4 32. h4 h5 33. gxh5 gxh5
34. Bb7 Nf5 35. Bc8 Nxh4 36. Bxe6 Nxf3 37. Bf7 h4 38. Bh5 Nd4 39. Bd1 Ke4 {White
resigns} 0-1

[Event "Team 45 45 League T41"]
[Site "Internet Chess Club"]
[Date "2009.05.22"]
[Round "4"]
[White "Ernie1"]
[Black "Chess2Play"]
[Result "0-1"]
[WhiteElo "1612"]
[BlackElo "1664"]
[Opening "Queen's pawn game"]
[ECO "D02"]
[Time "22:02:58"]
[TimeControl "2700+45"]

1. d4 d5 2. Nf3 e6 3. c4 c5 4. cxd5 Qxd5 5. e3 Nc6 6. Bb5 Bd7 7. Nc3 Qd6 8. O-O
cxd4 9. exd4 Nf6 10. Re1 Be7 11. Ne4 Nxe4 12. Rxe4 Qd5 13. Bxc6 Bxc6 14. Rg4 Bf6
15. Bg5 Qf5 16. Rg3 Bxf3 17. Qxf3 Qxf3 18. gxf3 Bxd4 19. Rb1 O-O 20. Rg4 Be5 21.
f4 f5 22. Rg3 Bf6 23. Re3 Rfe8 24. Bxf6 gxf6 25. Rbe1 Kf7 26. Rh3 Rg8+ 27. Kh1
Rg7 28. Rc3 Re8 29. Rg1 Rxg1+ 30. Kxg1 e5 31. Rh3 Rg8+ 32. Kf1 Rg7 33. Rc3 Ke6
34. Re3 e4 35. f3 Kd5 36. Ra3 b6 37. Rb3 exf3 38. Rxf3 Ke4 39. Kf2 Rg4 40. Rh3
Rxf4+ 41. Ke2 Rg4 42. Rxh7 Rg2+ 43. Kf1 Rxb2 44. h4 Rxa2 45. h5 Rh2 46. h6 Kf3
47. Kg1 Rh4 48. Rh8 a5 49. h7 a4 50. Rf8 Rxh7 51. Rxf6 Rb7 52. Rxf5+ Ke4 53. Rb5
Kd3 54. Rb4 b5 55. Kf1 Kc3 56. Rb1 a3 57. Ke1 a2 58. Rd1 Ra7 59. Rc1+ Kb2 {White
resigns} 0-1

[Event "Team 45 45 League T41"]
[Site "Internet Chess Club"]
[Date "2009.05.23"]
[Round "4"]
[White "sdcohle"]
[Black "slipkid"]
[Result "0-1"]
[WhiteElo "1303"]
[BlackElo "1455"]
[Opening "English: symmetrical, Benoni formation"]
[ECO "A31"]
[Time "10:00:12"]
[TimeControl "2700+45"]

1. d4 Nf6 2. c4 c5 3. Nf3 cxd4 4. Qxd4 Nc6 5. Qd1 e5 6. g3 Bb4+ 7. Bd2 Qb6 8. e3
Bxd2+ 9. Qxd2 Ne4 10. Qc2 Qb4+ 11. Nbd2 Nxd2 12. Nxd2 b6 13. Bg2 Bb7 14. O-O Qd6
15. Ne4 Qg6 16. Qd2 O-O-O 17. Nd6+ Kb8 18. Bd5 Qxd6 19. Rad1 Ne7 20. Bxb7 Qxd2
21. Rxd2 Kxb7 22. Rfd1 Kc7 23. e4 f5 24. exf5 Nxf5 25. Rd5 d6 26. Kg2 Nd4 27. f4
Rhe8 28. fxe5 dxe5 29. Rxd8 Rxd8 30. Re1 Kd6 31. g4 Re8 32. Kg3 e4 33. Re3 Ke5
34. h4 g6 35. g5 h5 36. gxh6 Rh8 37. Kg4 Rxh6 38. Kg5 Rh5+ 39. Kg4 Nf5 40. Re1
Rxh4+ 41. Kg5 Rh2 42. Kxg6 Rxb2 43. Rd1 e3 44. Rd5+ Ke6 45. Rxf5 Rg2+ 46. Rg5
Rxg5+ 47. Kxg5 e2 48. c5 bxc5 49. a4 e1=Q 50. a5 Qe5+ 51. Kg4 Qf6 52. a6 c4 53.
Kg3 c3 54. Kg4 c2 55. Kg3 c1=Q 56. Kg4 Qg1+ 57. Kh5 Qh8# {White checkmated} 0-1

[Event "Team 45 45 League T41"]
[Site "Internet Chess Club"]
[Date "2009.05.23"]
[Round "4"]
[White "TheronUAL"]
[Black "mongmong"]
[Result "0-1"]
[WhiteElo "1523"]
[BlackElo "1632"]
[Opening "French defense"]
[ECO "C00"]
[Time "20:00:08"]
[TimeControl "2700+45"]

1. e4 e6 2. Nc3 d5 3. exd5 exd5 4. d4 Nf6 5. Nf3 c6 6. Be2 Bd6 7. O-O O-O 8. Bg5
Bg4 9. Re1 Nbd7 10. a3 Qc7 11. Bxf6 Nxf6 12. Ne5 Bxe2 13. Rxe2 Rfe8 14. Qe1 Nd7
15. f4 f6 16. Nxd7 Qxd7 17. Qf2 Rxe2 18. Nxe2 Re8 19. Re1 b6 20. c3 Re7 21. Kf1
Qe8 22. g3 Re4 23. Nc1 Kf7 24. Rxe4 Qxe4 25. Nb3 Qh1+ 26. Qg1 Qf3+ 27. Ke1 Qe4+
28. Kd2 a5 29. Qe3 Qb1 30. Qd3 Qxb2+ 31. Qc2 Qxc2+ 32. Kxc2 Bxa3 33. Kd3 a4 34.
Nd2 b5 35. Nb1 Bd6 36. Kc2 Kg6 37. Nd2 Kf5 38. Nf3 Kg4 39. Ne1 Kh3 40. Nd3 Kxh2
41. Ne5 fxe5 42. fxe5 Be7 43. g4 Kg3 44. g5 Bxg5 {White resigns} 0-1